PBL
PHILADELPHIA PHILLIES @ OAKLAND ATHLETICS
06/06/2071
 
TOP OF THE 1ST
Philadelphia Phillies batting - Pitching for Oakland Athletics : RHP Pablo Soto
Pitching: RHP Pablo Soto
Batting: LHB Iván Ruíz 0-0: Foul Ball, location: 7LDF
0-1: Foul Ball, location: 7LDF
0-2: Fly out, F9 (Flyball, S7, EV 86.9 MPH)
Batting: LHB Alonso Castillo 0-0: Called Strike
0-1: Ball
1-1: Called Strike
1-2: Ball
2-2: Fly out, F7 (Flyball, 7D, EV 110.0 MPH)
Batting: RHB Armando Gracía 0-0: Ball
1-0: Called Strike
1-1: Ball
2-1: Ball
3-1: Ground out 5-3 (Groundball, 5L, EV 91.9 MPH)
Top of the 1st over - 0 runs, 0 hits, 0 errors, 0 left on base; Philadelphia 0 - Oakland 0
BOTTOM OF THE 1ST
Oakland Athletics batting - Pitching for Philadelphia Phillies : RHP Russ Brown
Pitching: RHP Russ Brown
Batting: SHB Steve Howard 0-0: Ball
1-0: SINGLE (Groundball, 34S, EV 71.3 MPH) (infield hit)
Batting: RHB Ed Burch 0-0: Called Strike
0-1: Foul Ball, location: 9LDF
0-2: Ball
1-2: Foul Ball, location: 25FF
1-2: Ball
2-2: Grounds into double play, 6-4-3 (Groundball, 6, EV 100.6 MPH)
Batting: LHB Pablo Gonzáles 0-0: Fly out, F8 (Flyball, 89D, EV 92.5 MPH)
Bottom of the 1st over - 0 runs, 1 hit, 0 errors, 0 left on base; Philadelphia 0 - Oakland 0
TOP OF THE 2ND
Philadelphia Phillies batting - Pitching for Oakland Athletics : RHP Pablo Soto
Batting: RHB Atas Sekayi 0-0: Called Strike
0-1: Called Strike
0-2: Ball
1-2: Strikes out swinging
Batting: RHB Joe Bayer 0-0: Ball
1-0: Ball
2-0: Ball
3-0: Base on Balls
Batting: RHB Kei Goto 0-0: Ball
Joe Bayer steals 2nd base
1-0: Ball
2-0: Ball
3-0: Called Strike
3-1: Base on Balls
Batting: LHB César Pérez 0-0: Called Strike
0-1: Swinging Strike
0-2: SINGLE (Line Drive, 7LS, EV 108.8 MPH)
Joe Bayer to third
Kei Goto to second
Runner from 3rd tries for Home, SAFE, throw by LF to home
Batting: RHB Vincente López 0-0: Ball
1-0: Swinging Strike
1-1: Foul Ball, location: 9LSF
1-2: Foul Ball, location: 2F
1-2: Ball
2-2: Ball
3-2: Foul Ball, location: 3DF
3-2: Base on Balls
Kei Goto to third
César Pérez to second
Batting: RHB Jesús Martínez 0-0: Ball
1-0: Ball
2-0: Foul Ball, location: 5SF
2-1: Foul Ball, location: 2F
2-2: Strikes out swinging
Batting: LHB Iván Ruíz 0-0: Called Strike
0-1: Foul Ball, location: 7LMF
0-2: Strikes out swinging
Top of the 2nd over - 1 run, 1 hit, 0 errors, 3 left on base; Philadelphia 1 - Oakland 0
BOTTOM OF THE 2ND
Oakland Athletics batting - Pitching for Philadelphia Phillies : RHP Russ Brown
Batting: LHB Félix Castillo 0-0: Ball
1-0: Ball
2-0: Ball
3-0: Called Strike
3-1: Foul Ball, location: 2F
3-2: Foul Ball, location: 23F
3-2: Base on Balls
Batting: LHB Roger McElroy 0-0: Foul Ball, location: 3DF
0-1: Swinging Strike
0-2: Ball
1-2: Strikes out looking
Batting: LHB José Pelingo 0-0: Called Strike
Félix Castillo is caught stealing 2nd base 2-6
0-1: Called Strike
0-2: Foul Ball, location: 7LDF
0-2: Ball
1-2: Ball
2-2: Fly out, F8 (Line Drive, 8LM, EV 91.3 MPH)
Bottom of the 2nd over - 0 runs, 0 hits, 0 errors, 0 left on base; Philadelphia 1 - Oakland 0
TOP OF THE 3RD
Philadelphia Phillies batting - Pitching for Oakland Athletics : RHP Pablo Soto
Batting: LHB Alonso Castillo 0-0: Ball
1-0: Ball
2-0: Ground out 5-3 (Groundball, 56S, EV 68.8 MPH)
Batting: RHB Armando Gracía 0-0: Swinging Strike
0-1: Ball
1-1: Foul Ball, location: 5F
1-2: Ball
2-2: Ball
3-2: SINGLE (Line Drive, 8LS, EV 108.8 MPH)
Batting: RHB Atas Sekayi 0-0: Ball
1-0: Swinging Strike
1-1: Ball
2-1: SINGLE (Flyball, 8LS, EV 100.0 MPH)
Armando Gracía to second
Runner from 2nd tries for 3rd, SAFE, no throw by CF
Batting: RHB Joe Bayer 0-0: Grounds into double play, 5-4-3 (Groundball, 56S, EV 76.9 MPH)
Top of the 3rd over - 0 runs, 2 hits, 0 errors, 1 left on base; Philadelphia 1 - Oakland 0
BOTTOM OF THE 3RD
Oakland Athletics batting - Pitching for Philadelphia Phillies : RHP Russ Brown
Pitching: RHP Chris Smolinski
Batting: LHB Eric Dodd 0-0: Called Strike
0-1: Called Strike
0-2: Ball
1-2: Ball
2-2: Ball
3-2: Fly out, F7 (Flyball, 7S, EV 89.4 MPH)
Batting: RHB Jorge Ibarra 0-0: Ball
1-0: Called Strike
1-1: Swinging Strike
1-2: Foul Ball, location: 3DF
1-2: Strikes out swinging
Batting: RHB Tom Yarbrough 0-0: Ball
1-0: DOUBLE (Line Drive, 7LM, EV 105.6 MPH)
Batting: SHB Steve Howard 0-0: Ball
1-0: SINGLE (Line Drive, 4MD, EV 95.6 MPH)
Tom Yarbrough to third
Runner from 3rd tries for Home, SAFE, throw by CF to home
Batting: RHB Ed Burch 0-0: Ground out 6-3 (Groundball, 56, EV 75.6 MPH)
Bottom of the 3rd over - 1 run, 2 hits, 0 errors, 1 left on base; Philadelphia 1 - Oakland 1
TOP OF THE 4TH
Philadelphia Phillies batting - Pitching for Oakland Athletics : RHP Pablo Soto
Batting: RHB Kei Goto 0-0: Swinging Strike
0-1: Foul Ball, location: 9LMF
0-2: Ground out 5-3 (Groundball, 56, EV 86.9 MPH)
Batting: LHB César Pérez 0-0: Called Strike
0-1: Called Strike
0-2: Ball
1-2: Foul Ball, location: 7LMF
1-2: Foul Ball, location: 3FF
1-2: Foul Ball, location: 2LF
1-2: Foul Ball, location: 7LMF
1-2: DOUBLE (Line Drive, 7LS, EV 92.5 MPH)
Batting: RHB Vincente López 0-0: Intentional Walk
Batting: RHB Jesús Martínez 0-0: Foul Ball, location: 25FF
0-1: Ball
1-1: Ball
2-1: Swinging Strike
2-2: SINGLE (Groundball, 6MD, EV 96.9 MPH)
César Pérez to third
Vincente López to second
Runner from 3rd tries for Home, throw by CF and OUT! 8-2
Vincente López to third
Jesús Martínez to second
Batting: LHB Iván Ruíz 0-0: Ball
1-0: Ball
2-0: Foul Ball, location: 2F
2-1: DOUBLE (Line Drive, 89D, EV 105.0 MPH)
Vincente López scores
Jesús Martínez scores
Batting: LHB Alonso Castillo 0-0: Foul Ball, location: 5FF
0-1: Swinging Strike
0-2: Ball
1-2: Ball
2-2: Ball
3-2: Foul Ball, location: 2F
3-2: Foul Ball, location: 7LSF
3-2: Base on Balls
Batting: RHB Armando Gracía 0-0: Swinging Strike
0-1: Called Strike
0-2: Strikes out swinging
Top of the 4th over - 2 runs, 3 hits, 0 errors, 2 left on base; Philadelphia 3 - Oakland 1
BOTTOM OF THE 4TH
Oakland Athletics batting - Pitching for Philadelphia Phillies : RHP Chris Smolinski
Batting: LHB Pablo Gonzáles 0-0: Fly out, F7 (Flyball, 78M, EV 85.6 MPH)
Batting: LHB Félix Castillo 0-0: Called Strike
0-1: Ball
1-1: Foul Ball, location: 3SF
1-2: Foul Ball, location: 7LDF
1-2: Foul Ball, location: 7LDF
1-2: Strikes out looking
Batting: LHB Roger McElroy 0-0: Ball
1-0: Ball
2-0: SINGLE (Line Drive, 78S, EV 96.3 MPH)
Batting: LHB José Pelingo 0-0: Ball
1-0: Ball
2-0: Ball
3-0: Called Strike
3-1: Base on Balls
Roger McElroy to second
Batting: LHB Eric Dodd 0-0: DOUBLE (Line Drive, 7LD, EV 105.6 MPH)
Roger McElroy scores
José Pelingo to third
Runner from 3rd tries for Home, SAFE, throw by LF to trailing runner, OUT at third! 7-3-5
Bottom of the 4th over - 2 runs, 2 hits, 0 errors, 0 left on base; Philadelphia 3 - Oakland 3
TOP OF THE 5TH
Philadelphia Phillies batting - Pitching for Oakland Athletics : RHP Pablo Soto
Batting: RHB Atas Sekayi 0-0: Ball
1-0: Foul Ball, location: 2F
1-1: Fly out, F9 (Flyball, 9D, EV 107.5 MPH)
Batting: RHB Joe Bayer 0-0: Ball
1-0: Called Strike
1-1: Ball
2-1: Fly out, F9 (Line Drive, 9, EV 92.5 MPH)
Batting: RHB Kei Goto 0-0: Called Strike
0-1: Foul Ball, location: 2F
0-2: Ball
1-2: Foul Ball, location: 9LDF
1-2: Ground out 6-3 (Groundball, P, EV 83.1 MPH)
Top of the 5th over - 0 runs, 0 hits, 0 errors, 0 left on base; Philadelphia 3 - Oakland 3
BOTTOM OF THE 5TH
Oakland Athletics batting - Pitching for Philadelphia Phillies : RHP Chris Smolinski
Batting: RHB Jorge Ibarra 0-0: Called Strike
0-1: Ball
1-1: Ball
2-1: Ball
3-1: Base on Balls
Batting: RHB Tom Yarbrough 0-0: Called Strike
Jorge Ibarra steals 2nd base
0-1: SINGLE (Flyball, 89S, EV 94.4 MPH)
Jorge Ibarra to third
Batting: SHB Steve Howard 0-0: Ball
1-0: Called Strike
1-1: Fielders Choice at 2nd, 4-6 (Groundball, 4D, EV 106.9 MPH)
Jorge Ibarra scores
Batting: RHB Ed Burch 0-0: Ball
1-0: Fly out, F9 (Flyball, 89M, EV 94.4 MPH)
Batting: LHB Pablo Gonzáles 0-0: 2-RUN HOME RUN (Flyball, 7LD, EV 95.0 MPH), Distance : 339 ft
Batting: LHB Félix Castillo 0-0: Ball
1-0: Called Strike
1-1: Called Strike
1-2: Fly out, F9 (Flyball, 9, EV 95.6 MPH)
Bottom of the 5th over - 3 runs, 2 hits, 0 errors, 0 left on base; Philadelphia 3 - Oakland 6
TOP OF THE 6TH
Philadelphia Phillies batting - Pitching for Oakland Athletics : RHP Pablo Soto
Pitching: LHP Spike Brown
Batting: LHB César Pérez 0-0: Ground out 5-3 (Groundball, 56S, EV 65.6 MPH)
Batting: RHB Vincente López 0-0: Ball
1-0: Foul Ball, location: 9LSF
1-1: Ground out 5-3 (Groundball, 56S, EV 92.5 MPH)
Batting: RHB Jesús Martínez 0-0: Ball
1-0: Called Strike
1-1: Foul Ball, location: 2F
1-2: Ground out 1-3 (Groundball, 13, EV 65.6 MPH)
Top of the 6th over - 0 runs, 0 hits, 0 errors, 0 left on base; Philadelphia 3 - Oakland 6
BOTTOM OF THE 6TH
Oakland Athletics batting - Pitching for Philadelphia Phillies : RHP Chris Smolinski
Batting: LHB Roger McElroy 0-0: Called Strike
0-1: Ball
1-1: Foul Ball, location: 23FF
1-2: Foul Ball, location: 5SF
1-2: Ball
2-2: Foul Ball, location: 7LDF
2-2: SINGLE (Groundball, 34D, EV 95.0 MPH)
Pitching: RHP Nacho Hernández
Batting: LHB José Pelingo 0-0: Foul Ball, location: 3F
0-1: SINGLE (Flyball, 4D, EV 88.1 MPH)
Roger McElroy to second
Batting: LHB Eric Dodd 0-0: Ball
1-0: Foul Ball, location: 7LSF
1-1: Ball
2-1: Swinging Strike
2-2: Ball
3-2: Foul Ball, location: 2RF
3-2: Foul Ball, location: 25F
3-2: Foul Ball, location: 7LMF
3-2: DOUBLE (Line Drive, 5D, EV 96.9 MPH)
Roger McElroy scores
José Pelingo to third
Batting: RHB Jorge Ibarra 0-0: Ball
1-0: Ball
2-0: Called Strike
2-1: Ground out 6-3 (Groundball, 6S, EV 67.5 MPH)
Batting: RHB Tom Yarbrough 0-0: SINGLE (Line Drive, 3D, EV 103.1 MPH)
José Pelingo scores
Eric Dodd to third
Batting: SHB Steve Howard 0-0: Ball
1-0: Ball
2-0: Foul Ball, location: 7LSF
2-1: Ball
3-1: Fly out, F3 (Line Drive, 34, EV 67.5 MPH)
Lined into DP, U3 (Line Drive, 34, EV 67.5 MPH)
Bottom of the 6th over - 2 runs, 4 hits, 0 errors, 1 left on base; Philadelphia 3 - Oakland 8
TOP OF THE 7TH
Philadelphia Phillies batting - Pitching for Oakland Athletics : LHP Spike Brown
Batting: LHB Iván Ruíz 0-0: Ball
1-0: Foul Ball, location: 23F
1-1: Fly out, F8 (Flyball, 8RS, EV 90.0 MPH)
Batting: LHB Alonso Castillo 0-0: Ball
1-0: Swinging Strike
1-1: Ball
2-1: Foul Ball, location: 2F
2-2: Ball
3-2: Foul Ball, location: 9LMF
3-2: SINGLE (Groundball, 3D, EV 103.8 MPH)
Batting: RHB Armando Gracía 0-0: Foul Ball, location: 25F
0-1: Called Strike
Alonso Castillo is caught stealing 2nd base 2-4
0-2: Strikes out looking
Top of the 7th over - 0 runs, 1 hit, 0 errors, 0 left on base; Philadelphia 3 - Oakland 8
BOTTOM OF THE 7TH
Oakland Athletics batting - Pitching for Philadelphia Phillies : RHP Nacho Hernández
Batting: RHB Ed Burch 0-0: Ball
1-0: Fly out, F7 (Line Drive, 78D, EV 89.4 MPH)
Batting: LHB Pablo Gonzáles 0-0: SINGLE (Groundball, 4MD, EV 99.4 MPH)
Batting: LHB Félix Castillo 0-0: TRIPLE (Flyball, 89XD, EV 94.4 MPH)
Pablo Gonzáles scores
Batting: LHB Roger McElroy 0-0: Ball
1-0: Foul Ball, location: 2F
1-1: Ground out 4-3 (Groundball, 4, EV 82.5 MPH)
Félix Castillo scores
Batting: LHB José Pelingo 0-0: Ball
1-0: Ball
2-0: Called Strike
2-1: Ball
3-1: Base on Balls
Batting: LHB Eric Dodd 0-0: Foul Ball, location: 2F
0-1: Ball
1-1: Ball
2-1: DOUBLE (Line Drive, 89M, EV 104.4 MPH)
José Pelingo to third
Runner from 3rd tries for Home, throw by RF and OUT! 9-4-2
Bottom of the 7th over - 2 runs, 3 hits, 0 errors, 1 left on base; Philadelphia 3 - Oakland 10
TOP OF THE 8TH
Philadelphia Phillies batting - Pitching for Oakland Athletics : LHP Spike Brown
Batting: RHB Atas Sekayi 0-0: Foul Ball, location: 23F
0-1: Called Strike
0-2: Strikes out swinging
Batting: RHB Joe Bayer 0-0: Ground out 4-3 (Groundball, 4, EV 88.1 MPH)
Batting: RHB Kei Goto 0-0: Ball
1-0: Foul Ball, location: 9LMF
1-1: Called Strike
1-2: Ball
2-2: Strikes out swinging
Top of the 8th over - 0 runs, 0 hits, 0 errors, 0 left on base; Philadelphia 3 - Oakland 10
BOTTOM OF THE 8TH
Oakland Athletics batting - Pitching for Philadelphia Phillies : RHP Nacho Hernández
Pitching: RHP Mike Lowery
Pinch Hitting: RHB Pablo Ayala 0-0: Ball
1-0: Ball
2-0: Ground out 1-3 (Groundball, 13S, EV 65.6 MPH)
Batting: RHB Tom Yarbrough 0-0: Ball
1-0: Ground out 5-3 (Groundball, 56, EV 80.6 MPH)
Pinch Hitting: RHB Roberto Morán 0-0: Called Strike
0-1: Foul Ball, location: 9LMF
0-2: Ball
1-2: Foul Ball, location: 2F
1-2: Foul Ball, location: 9LSF
1-2: Foul Ball, location: 2F
1-2: Ball
2-2: Ground out U3 (Groundball, 3, EV 81.3 MPH)
Bottom of the 8th over - 0 runs, 0 hits, 0 errors, 0 left on base; Philadelphia 3 - Oakland 10
TOP OF THE 9TH
Philadelphia Phillies batting - Pitching for Oakland Athletics : LHP Spike Brown
Pitching: LHP Craig Brooks
Now at SS: Pablo Ayala
Now in CF: Roberto Morán
Batting: LHB César Pérez 0-0: Swinging Strike
0-1: Foul Ball, location: 5FF
0-2: Ball
1-2: Ball
2-2: Strikes out looking
Batting: RHB Vincente López 0-0: Ball
1-0: Fly out, F7 (Line Drive, 78M, EV 97.5 MPH)
Batting: RHB Jesús Martínez 0-0: Ball
1-0: Foul Ball, location: 2F
1-1: Foul Ball, location: 2F
1-2: Ball
2-2: Foul Ball, location: 2F
2-2: Ball
3-2: Ground out 4-3 (Groundball, 4, EV 104.4 MPH)
Top of the 9th over - 0 runs, 0 hits, 0 errors, 0 left on base; Philadelphia 3 - Oakland 10
Saturday, April 20th , 2024 - OOTP Baseball 24.10 Build 82